Map: Terrasses de Prion

Players

Jiri

  • Race: Protoss Protoss
  • League: Silver
  • Spawn Location: 11:00

zidar - Winner!

  • Race: Zerg Zerg
  • League: Silver
  • Spawn Location: 5:00

VOD

Have the link to the VOD?

Description

Time

  • Played on: Jan. 15, 2016, 8:25 a.m.
  • Length: 17:50
Show
View Real Time Build Order
Export as new Build Order

Jiri Protoss 

Build Orders:  

Get SALT Encoding   

  12  0:01  Probe (Chrono Boost)  
  13  0:18  Pylon  
  14  0:21  Probe (Chrono Boost)  
  14  0:26  Assimilator  
  14  0:42  Gateway  
  14  0:45  Probe (Chrono Boost)  
  15  0:56  Probe (Chrono Boost)  
  16  1:07  Probe (Chrono Boost)  
  17  1:19  Probe (Chrono Boost)  
  18  1:34  Cybernetics Core  
  18  1:38  Probe (Chrono Boost)  
  19  1:46  Gateway  
  19  1:48  Gateway  
  19  1:50  Pylon  
  19  2:04  Gateway  
  19  2:09  Assimilator  
  19  2:11  Probe (Chrono Boost)  
  20  2:21  Warp Gate (Chrono Boost)  
  20  2:25  Stalker  
  20  2:29  Probe  
  23  2:36  Adept  
  25  2:40  Zealot  
  25  2:41  Probe  
  28  2:44  Pylon  
  28  2:50  Pylon  
  28  2:53  Stalker  
  28  2:54  Probe  
  31  3:05  Pylon  
  31  3:08  Stalker  
  33  3:24  Stalker x2  
  37  4:08  Mothership Core  
  39  4:16  Stalker x3  
  38  4:33  Stalker  
  38  4:46  Forge  
  38  4:51  Stalker x2  
  38  4:52  Stalker  
  44  4:57  Probe  
  25  5:38  Adept  
  25  5:39  Adept x2  
  25  5:40  Adept  
  33  5:57  Photon Cannon  
  33  6:00  Photon Cannon  
  33  6:05  Pylon  
  33  6:19  Adept  
  33  6:20  Adept  
  33  6:21  Stalker  
  33  6:22  Stalker  
  41  6:28  Pylon  
  31  6:54  Stalker  
  31  6:55  Stalker  
  31  6:56  Stalker  
  31  7:10  Stalker  
  33  7:27  Stalker  
  33  7:28  Stalker  
  37  7:33  Stargate  
  37  7:45  Nexus  
  29  8:04  Pylon  
  29  8:06  Adept  
  29  8:07  Stalker  
  33  8:22  Photon Cannon  
  33  8:29  Void Ray  
  35  8:57  Stalker  
  28  9:36  Pylon  
  28  9:49  Pylon  
  28  9:51  Pylon  
  28  9:53  Pylon  
  28  9:57  Nexus  
  28  10:14  Photon Cannon  
  28  10:18  Photon Cannon  
  28  10:19  Stalker  
  30  10:35  Probe  
  31  10:47  Probe  
  32  10:58  Photon Cannon  
  32  10:59  Probe  
  33  11:10  Probe  
  34  11:21  Probe  
  34  11:24  Stalker  
  37  11:32  Probe  
  37  11:35  Stalker  
  40  11:42  Probe  
  41  11:53  Stargate  
  41  11:57  Probe  
  41  12:00  Stalker  
  44  12:14  Assimilator  
  44  12:22  Stalker  
  46  12:36  Photon Cannon  
  46  12:40  Probe  
  47  12:51  Probe, Stalker  
  49  12:53  Stalker  
  49  12:56  Adept  
  54  13:16  Void Ray (Chrono Boost)  
  58  13:39  Assimilator  
  58  13:40  Stargate  
  58  13:41  Stalker  
  60  13:45  Stalker  
  60  13:46  Stalker  
  64  14:02  Void Ray (Chrono Boost)  
  68  14:31  Void Ray (Chrono Boost)  
  73  14:44  Void Ray (Chrono Boost)  
  50  15:26  Stalker  
  50  15:27  Stalker x2  
  56  15:28  Stalker  
  56  15:32  Void Ray (Chrono Boost)  
  66  15:51  Stalker  
  66  15:54  Void Ray (Chrono Boost)  
  50  16:21  Mothership Core  
  26  16:52  Adept x2  
  26  16:53  Adept x2  
  34  17:00  Void Ray (Chrono Boost)  
  34  17:16  Stalker x2  
  34  17:26  Stalker  
Show
View Real Time Build Order
Export as new Build Order

zidar Zerg - Winner!

Build Orders: Pool First 

Get SALT Encoding   

  12  0:03  Drone  
  13  0:14  Overlord  
  13  0:17  Drone  
  14  0:32  Drone x2  
  16  0:36  Drone  
  17  0:47  Spawning Pool  
  16  0:50  Drone  
  17  1:13  Hatchery  
  17  1:14  Drone  
  17  1:19  Extractor  
  16  1:26  Drone  
  17  1:40  Drone  
  17  1:41  Queen  
  17  1:43  Overlord  
  19  2:10  Zergling x2  
  19  2:12  Zergling x2  
  19  2:13  Zergling x2  
  22  2:16  Queen  
  24  2:33  Metabolic Boost  
  24  2:38  Zergling x8  
  28  2:47  Zergling x2  
  29  3:02  Zergling x2  
  29  3:03  Zergling x8  
  34  3:19  Zergling x4  
  36  3:23  Overlord  
  36  3:30  Overlord x2  
  36  3:42  Roach Warren  
  36  3:43  Drone  
  36  4:01  Overlord  
  36  4:05  Zergling x2  
  36  4:06  Zergling x6  
  40  4:23  Roach  
  46  4:24  Roach x2  
  40  4:41  Zergling x10  
  45  4:59  Roach x3  
  46  5:39  Roach x7  
  60  5:51  Lair  
  60  5:57  Overlord  
  60  6:17  Ravager  
  60  6:18  Ravager  
  62  6:19  Ravager  
  24  7:25  Roach x7  
  24  7:26  Zergling x2  
  24  7:27  Zergling x22  
  24  7:29  Zergling x2  
  50  7:57  Zergling x14  
  56  8:21  Hydralisk Den  
  55  8:35  Hatchery  
  24  9:26  Hydralisk  
  24  9:27  Hydralisk x3  
  27  9:52  Overseer  
  27  10:02  Extractor  
  27  10:05  Extractor  
  25  10:09  Drone x7  
  25  10:10  Drone x6  
  38  10:15  Drone  
  39  10:45  Hydralisk x2  
  39  10:46  Hydralisk x2  
  48  10:50  Zergling x8  
  48  10:51  Zergling x2  
  52  11:06  Drone x5  
  57  11:16  Roach x3  
  63  11:23  Queen  
  65  11:35  Roach x3  
  65  11:38  Hydralisk  
  73  11:51  Drone  
  74  11:59  Overlord x2  
  74  12:15  Muscular Augments  
  73  12:23  Evolution Chamber  
  72  12:50  Roach x8  
  88  12:55  Overlord  
  88  12:56  Overlord x2  
  88  12:59  Zerg Ground Armor Level 1  
  88  13:06  Infestation Pit  
  88  13:11  Glial Reconstitution  
  88  13:12  Evolution Chamber  
  86  13:18  Roach x2  
  90  13:20  Hydralisk x5  
  100  13:31  Lurker Den  
  100  13:39  Extractor  
  99  13:42  Zerg Missile Weapons Level 1  
  99  13:56  Hydralisk  
  99  13:57  Hydralisk x2  
  99  14:01  Zergling x6  
  99  14:02  Zergling x8  
  66  15:14  Hydralisk  
  66  15:15  Hydralisk x10  
  88  15:28  Extractor  
  87  15:30  Extractor  
  86  15:48  Hydralisk x5  
  86  15:49  Hydralisk  
  93  16:18  Hatchery  
  72  16:52  Hydralisk x9  
  72  16:54  Roach  
Tags
 
Add a new tag
Caveats
  • Supply blocks, unpowered buildings, or Contaminate may cause inaccurate times.
  • Supply counts are checked every 10 seconds.